[Event "Titled Tuesday Blitz June 6 Early 2023"]
[White "Ramirez Vido, Robert Yorisan"]
[Black "Bodnaruk, Anastasia"]
[WhiteFideId "3513823"]
[BlackFideId "4181751"]
[WhiteElo "2448"]
[BlackElo "2304"]
[Result "1-0"]
[Round "5"]
[TimeControl "180+2"]
[Date "2023.06.06"]
[WhiteClock "0:00:10"]
[BlackClock "0:00:02"]
[Board "93"]

1. f4 d5 2. Nf3 c5 3. g3 Nc6 4. Bg2 g6 5. d3 Bg7 6. O-O Nf6 7. Qe1 O-O 8. e4 e6 9. c3 b5 10. Na3 Rb8 11. Nc2 b4 12. e5 Ne8 13. Be3 Qe7 14. Qf2 d4 15. cxd4 Ba6 16. d5 exd5 17. Bxc5 Qb7 18. Bxf8 Bxf8 19. Rfd1 Nc7 20. d4 Ne6 21. Ne3 Ne7 22. Ng5 Rd8 23. Rac1 Qb6 24. Nxe6 fxe6 25. Ng4 Bg7 26. Bh3 Nf5 27. Rd2 b3 28. a3 Bc4 29. Ne3 Nxd4 30. Rxd4 Qxd4 31. Bxe6+ Kh8 32. Nxc4 dxc4 33. Qxd4 Rxd4 34. Rxc4 Rd1+ 35. Kf2 h5 36. Ke3 Rb1 37. Rc8+ Kh7 38. Bxb3 Rxb2 39. Bg8+ Kh6 40. Rc6 Rxh2 41. Bf7 Rg2 42. Rxg6+ Kh7 43. Kf3 Rg1 44. Rg5 Rf1+ 45. Kg2 Ra1 46. Rxh5+ Bh6 47. Rh1 Rxa3 48. f5 a5 49. g4 Kg7 50. e6 Bg5 51. Rh5 Bf6 52. Rh1 Ra2+ 53. Kf3 Ra3+ 54. Ke4 Ra2 55. Rb1 Re2+ 56. Kf3 Re5 57. Rb8 a4 58. Rg8+ Kh7 59. Rg6 Be7 60. Bg8+ Kh8 61. Bf7 Bc5 62. Rg8+ Kh7 63. Ra8 a3 64. Bg6+ Kg7 65. Kf4 Re1 66. Rc8 Bd6+ 67. Kg5 Be7+ 68. Kf4 a2 69. Ra8 a1=Q 70. Rxa1 Rxa1 71. g5 Ra4+ 72. Ke5 Bxg5 73. Be8 Bf6+ 74. Kd5 Rd4+ 75. Kc5 Rf4 76. Bg6 Be7+ 77. Kd5 Kf6 78. Kc6 Rd4 79. Kc7 Rd8 80. Kc6 Ke5 81. Kc7 Rd6 82. Kc8 Kd5 83. Be8 Kc5 84. Kc7 Rd8 85. Bd7 Rf8 86. Kb7 Rxf5 87. Kc7 Bd6+ 88. Kd8 Re5 89. Ke8 Re3 90. Kf7 Kb6 91. Kf6 Kc7 92. Kf7 Kd8 93. Kf6 Be7+ 94. Kf5 Rf3+ 95. Ke4 Rh3 96. Kd5 Kc7 97. Ke5 Rh5+ 98. Ke4 Kd6 99. Kf4 Bf6 100. Kg4 Rg5+ 101. Kf4 Ra5 102. Ke4 Rh5 103. Kf4 Ke7 104. Kg4 Rg5+ 105. Kf4 Rg1 106. Ke4 Bg7 107. Kf5 Rf1+ 108. Ke4 Bf6 109. Kd5 Rf5+ 110. Ke4 Rc5 111. Kf4 Kd6 112. Ke4 Ra5 113. Kf4 Be7 114. Ke4 Re5+ 115. Kf4 Bf6 116. Kf3 Kd5 117. Kf4 Kd4 118. Kf3 Re4 119. Kg3 Ke3 120. Kg2 Bg5 121. Kg3 Bf6 122. Kg2 Kf4 123. Kf2 Bh4+ 124. Kg2 Re2+ 125. Kf1 Re1+ 126. Kg2 Rd1 127. Kh3 Bg3 128. Kg2 Rd2+ 129. Kf1 Rc2 130. e7 Kf3 131. Bc6+ 1-0


[Site "https://www.chess.com"]

[Event "Titled Tuesday Blitz June 6 Early 2023"]
[White "Novikov, Evgenij"]
[Black "Garcia Jimenez, Francisco Javier"]
[WhiteFideId "4125380"]
[BlackFideId "2231590"]
[WhiteElo "2242"]
[BlackElo "2246"]
[Result "1/2-1/2"]
[Round "5"]
[TimeControl "180+2"]
[Date "2023.06.06"]
[WhiteClock "0:00:47"]
[BlackClock "0:01:22"]
[Board "94"]

1. f4 d5 2. Nf3 g6 3. g3 Bg7 4. Bg2 c5 5. O-O Nc6 6. d3 Nf6 7. Nc3 O-O 8. e4 d4 9. Ne2 Ne8 10. a4 e5 11. Nd2 f5 12. Nc4 Nd6 13. Nxe5 Nxe5 14. fxe5 Bxe5 15. Bh6 Bg7 16. Bxg7 Kxg7 17. c3 fxe4 18. cxd4 Rxf1+ 19. Bxf1 exd3 20. Qxd3 Bf5 21. Qe3 cxd4 22. Nxd4 Qf6 23. Rc1 Re8 24. Rc7+ Kh8 25. Qc3 Ne4 26. Qe3 Nd6 27. Qc3 Ne4 28. Qe3 Nd6 1/2-1/2


[Site "https://www.chess.com"]

[Event "Titled Tuesday Blitz June 6 Early 2023"]
[White "Bayo Milagro, Alvaro"]
[Black "Buchenau, Frank"]
[WhiteFideId "22275240"]
[BlackFideId "4604350"]
[WhiteElo "2270"]
[BlackElo "2157"]
[Result "1-0"]
[Round "5"]
[TimeControl "180+2"]
[Date "2023.06.06"]
[WhiteClock "0:01:12"]
[BlackClock "0:00:37"]
[Board "95"]

1. Nf3 Nf6 2. c4 e6 3. d4 b6 4. a3 Ba6 5. Qc2 Bb7 6. Nc3 c5 7. dxc5 Bxc5 8. Bf4 O-O 9. e3 Nh5 10. Bg5 Be7 11. h4 h6 12. Bxe7 Qxe7 13. Be2 Nf6 14. Rg1 Ng4 15. g3 d6 16. Nd4 f5 17. Bxg4 fxg4 18. O-O-O Nd7 19. Ndb5 Ne5 20. Nxd6 Bf3 21. Rd4 Rfd8 22. Ndb5 Rxd4 23. Nxd4 Nxc4 24. Nxf3 gxf3 25. Rd1 Rc8 26. Kb1 Qf6 27. Rd4 e5 28. Nd5 Nxa3+ 29. bxa3 Rxc2 30. Nxf6+ gxf6 31. Rd8+ Kf7 32. Kxc2 1-0


[Site "https://www.chess.com"]

[Event "Titled Tuesday Blitz June 6 Early 2023"]
[White "Bochnicka, Vladimir"]
[Black "Skliarov, Viktor"]
[WhiteFideId "14943450"]
[BlackFideId "14106736"]
[WhiteElo "2094"]
[BlackElo "2317"]
[Result "0-1"]
[Round "5"]
[TimeControl "180+2"]
[Date "2023.06.06"]
[WhiteClock "0:00:11"]
[BlackClock "0:00:08"]
[Board "96"]

1. e4 c5 2. Nf3 Nc6 3. d4 cxd4 4. Nxd4 Nf6 5. Nc3 e5 6. Ndb5 d6 7. Bg5 a6 8. Na3 b5 9. Nd5 Be7 10. Bxf6 Bxf6 11. c3 O-O 12. h4 g6 13. Nc2 Bg7 14. a4 bxa4 15. Rxa4 a5 16. Nce3 Rb8 17. b3 Bd7 18. h5 Nd4 19. cxd4 Bxa4 20. bxa4 exd4 21. Ng4 Re8 22. hxg6 Rxe4+ 23. Be2 Rb2 24. gxf7+ Kf8 25. Nf4 Rxf4 26. Kf1 Qg5 27. Rxh7 d3 28. Qxd3 Rb1+ 29. Qxb1 Rxg4 30. Bxg4 Qxg4 31. Rh3 Qxa4 32. Qb8+ Kxf7 33. Rf3+ Ke6 34. Qe8+ Qxe8 35. Re3+ Be5 36. f4 Kf5 37. fxe5 dxe5 38. Ke2 e4 39. Kd2 Qb5 40. Kc2 Qc4+ 41. Kb2 Qd4+ 42. Rc3 e3 43. Kc2 Qd2+ 44. Kb3 Ke4 45. Rc4+ Kd3 46. Rc8 Qb4+ 47. Ka2 e2 48. Rd8+ Qd4 49. Rxd4+ Kxd4 50. Kb3 e1=Q 51. Ka4 Qg3 52. Kxa5 Qxg2 53. Kb6 Kd5 54. Kb7 0-1


[Site "https://www.chess.com"]

[Event "Titled Tuesday Blitz June 6 Early 2023"]
[White "Wadsworth, Matthew J"]
[Black "Yeritsyan, Hayk"]
[WhiteFideId "415804"]
[BlackFideId "13307320"]
[WhiteElo "2347"]
[BlackElo "2432"]
[Result "1-0"]
[Round "5"]
[TimeControl "180+2"]
[Date "2023.06.06"]
[WhiteClock "0:01:13"]
[BlackClock "0:00:04"]
[Board "97"]

1. c4 Nf6 2. g3 e6 3. Bg2 d5 4. Nf3 Be7 5. O-O O-O 6. b3 a5 7. Nc3 d4 8. Nb5 Nc6 9. e3 e5 10. d3 Bg4 11. exd4 Nxd4 12. Nbxd4 exd4 13. h3 Bh5 14. g4 Bg6 15. Ne5 c6 16. f4 Bd6 17. Nxg6 hxg6 18. Bb2 Bc5 19. f5 g5 20. Qd2 Nd7 21. a3 Qf6 22. b4 axb4 23. axb4 Rxa1 24. Rxa1 Bd6 25. Re1 Bf4 26. Qf2 Be5 27. Re4 c5 28. bxc5 Nxc5 29. Rxe5 Qxe5 30. Bxd4 Nxd3 31. Bxe5 Nxf2 32. Kxf2 Rc8 33. Bd5 b5 34. cxb5 Rc5 35. b6 Rb5 36. b7 Kh7 37. b8=Q Rxd5 38. f6 1-0


[Site "https://www.chess.com"]

[Event "Titled Tuesday Blitz June 6 Early 2023"]
[White "kuanysh1981"]
[Black "Kochiev, Ivan"]
[BlackFideId "2917890"]
[WhiteElo "2432"]
[BlackElo "2287"]
[Result "1-0"]
[Round "5"]
[TimeControl "180+2"]
[Date "2023.06.06"]
[WhiteClock "0:00:30"]
[BlackClock "0:00:02"]
[Board "98"]

1. e4 e5 2. Nf3 Nf6 3. Nc3 Nc6 4. Bb5 Bc5 5. Nxe5 Nxe5 6. d4 Bd6 7. dxe5 Bxe5 8. O-O O-O 9. Bd3 d6 10. f4 Bd4+ 11. Kh1 Ng4 12. Qe1 Re8 13. Qg3 f5 14. exf5 Bxf5 15. Bd2 Bxd3 16. cxd3 Qd7 17. Ne4 d5 18. Ng5 Re2 19. Bc3 Nf2+ 20. Rxf2 Bxf2 21. Qf3 Rae8 22. h3 h6 23. Ne4 R2xe4 24. dxe4 d4 25. Rd1 Qc6 26. Bxd4 Bxd4 27. Rxd4 Qc1+ 28. Kh2 Qxb2 29. Rd7 Qxa2 30. Rxc7 Qb2 31. e5 Qb6 32. Rxb7 Qe6 33. Rxa7 Rf8 34. Qb7 Qg6 35. Qf3 Qe6 36. Qg3 Qf5 37. Qxg7# 1-0


[Site "https://www.chess.com"]

[Event "Titled Tuesday Blitz June 6 Early 2023"]
[White "Guz, Ari"]
[Black "Alexikov, Alexander"]
[WhiteFideId "2825759"]
[BlackFideId "14103958"]
[WhiteElo "2205"]
[BlackElo "2186"]
[Result "1-0"]
[Round "5"]
[TimeControl "180+2"]
[Date "2023.06.06"]
[WhiteClock "0:00:17"]
[BlackClock "0:00:05"]
[Board "99"]

1. b3 e5 2. e3 d6 3. Bb2 f5 4. d4 Qe7 5. Nf3 Nd7 6. c4 Ngf6 7. Nc3 e4 8. Nh4 g6 9. g3 Bg7 10. Ng2 c6 11. Nf4 Nf8 12. Bg2 Ne6 13. Nxe6 Bxe6 14. O-O O-O 15. a4 Rfd8 16. a5 d5 17. Qe2 Qf7 18. cxd5 Nxd5 19. Na4 b6 20. Rfc1 Qb7 21. Ba3 Bf8 22. Bxf8 Rxf8 23. Bf1 Rab8 24. Rab1 Nb4 25. Qd2 Nd5 26. b4 Rfd8 27. b5 cxb5 28. Rxb5 Rdc8 29. Rxc8+ Qxc8 30. axb6 axb6 31. Qb2 Qc6 32. Nc5 Bf7 33. Na6 Rb7 34. Nb4 Nxb4 35. Qxb4 Kg7 36. d5 Qc1 37. Qd4+ Kg8 38. d6 Ra7 39. d7 Rxd7 40. Qxd7 Bc4 41. Qc8+ Kg7 42. Qxc4 1-0


[Site "https://www.chess.com"]

[Event "Titled Tuesday Blitz June 6 Early 2023"]
[White "Rangel, Daniel"]
[Black "Gontcharov, Vladislav"]
[WhiteFideId "2124475"]
[BlackFideId "4123492"]
[WhiteElo "2231"]
[BlackElo "2420"]
[Result "1/2-1/2"]
[Round "5"]
[TimeControl "180+2"]
[Date "2023.06.06"]
[WhiteClock "0:00:08"]
[BlackClock "0:00:03"]
[Board "100"]

1. d4 Nf6 2. c4 e6 3. Nc3 Bb4 4. e3 O-O 5. Bd3 c5 6. Ne2 cxd4 7. exd4 d5 8. a3 Bxc3+ 9. Nxc3 dxc4 10. Bxc4 Nbd7 11. O-O Nb6 12. Ba2 h6 13. Kh1 Bd7 14. f4 Bc6 15. f5 Nbd5 16. fxe6 fxe6 17. Qe2 Qd6 18. Bd2 Rae8 19. Rae1 Kh8 20. Bb1 a6 21. Qd3 Kg8 22. Bxh6 Nxc3 23. Qg6 Re7 24. bxc3 Qd5 25. Rxf6 Rxf6 26. Qh7+ Kf7 27. Qxg7+ Ke8 28. Qg8+ Kd7 29. Be3 Ref7 30. Bg1 Rf1 31. Be4 Qh5 32. Bxc6+ bxc6 33. Rxf1 Rxf1 34. Qg7+ Qf7 35. Qg3 Rd1 36. h4 Qf1 37. Qh2 Qf5 38. h5 Qe4 39. h6 Kc8 40. h7 Rxg1+ 41. Qxg1 Qxh7+ 42. Qh2 Qb1+ 43. Qg1 Qh7+ 44. Qh2 Qb1+ 45. Qg1 Qh7+ 1/2-1/2


[Site "https://www.chess.com"]

[Event "Titled Tuesday Blitz June 6 Early 2023"]
[White "Avazkhonov, Alikhon"]
[Black "brm72"]
[WhiteFideId "14208504"]
[WhiteElo "1739"]
[BlackElo "2568"]
[Result "0-1"]
[Round "5"]
[TimeControl "180+2"]
[Date "2023.06.06"]
[WhiteClock "0:00:01"]
[BlackClock "0:00:06"]
[Board "101"]

1. e4 c5 2. Nf3 d6 3. d4 cxd4 4. Nxd4 Nf6 5. Nc3 a6 6. Bg5 e6 7. f4 Be7 8. Qf3 Qc7 9. O-O-O Nbd7 10. g4 h6 11. Bxf6 Bxf6 12. h4 Nb6 13. g5 Bxd4 14. Rxd4 Qc5 15. Rd1 Bd7 16. Kb1 O-O-O 17. Bg2 Bc6 18. Qg3 Nc4 19. Rhe1 hxg5 20. hxg5 g6 21. b3 Na3+ 22. Kb2 b5 23. Rd2 Kb8 24. e5 Bxg2 25. Qxg2 d5 26. Qf2 Qxf2 27. Rxf2 b4 28. Ne2 Nb5 29. Rd1 Kb7 30. Nd4 Nc3 31. Rg1 Ne4 32. Re2 Rh4 33. a3 bxa3+ 34. Kxa3 Rxf4 35. Rh2 Nc3 36. Ne2 Nxe2 37. Rxe2 Kc6 38. Rh2 d4 39. Rh7 Rf2 40. Re1 Kd5 41. Kb4 Rd7 42. c4+ dxc3 43. Kxc3 Rc7+ 44. Kd3 Rb2 45. Rf1 Rxb3+ 46. Kd2 Rbb7 47. Ra1 Kxe5 48. Rxa6 Kf5 49. Ra5+ e5 50. Rh8 Rd7+ 51. Ke3 Rb3+ 52. Ke2 Re7 53. Rh3 Rxh3 54. Kf2 Kxg5 0-1


[Site "https://www.chess.com"]

[Event "Titled Tuesday Blitz June 6 Early 2023"]
[White "Toktomushev, Teimur"]
[Black "Degenbaev, Aziz"]
[WhiteFideId "14176726"]
[BlackFideId "13802640"]
[WhiteElo "2116"]
[BlackElo "2152"]
[Result "1-0"]
[Round "5"]
[TimeControl "180+2"]
[Date "2023.06.06"]
[WhiteClock "0:00:03"]
[BlackClock "0:00:01"]
[Board "102"]

1. d4 Nf6 2. c4 g6 3. Nc3 Bg7 4. e4 d6 5. f3 O-O 6. Be3 c5 7. Nge2 Nc6 8. d5 Ne5 9. Ng3 h5 10. Be2 h4 11. Nf1 a6 12. a4 e6 13. Bg5 h3 14. Ne3 hxg2 15. Rg1 Qa5 16. Rxg2 exd5 17. Bxf6 Bxf6 18. Nxd5 Bh4+ 19. Kd2 Bh3 20. Rg1 Nc6 21. f4 Rfe8 22. Bg4 Rxe4 23. Kc1 Rd4 24. Qf3 Bxg4 25. Qxg4 Qd8 26. Qh5 Bf6 27. f5 Ne5 28. fxg6 fxg6 29. Kc2 Kg7 30. Raf1 Bg5 31. Rxg5 1-0


[Site "https://www.chess.com"]

[Event "Titled Tuesday Blitz June 6 Early 2023"]
[White "Matveeva, Olga"]
[Black "Sargsyan, Anna M."]
[WhiteFideId "24107018"]
[BlackFideId "13308130"]
[WhiteElo "2009"]
[BlackElo "2284"]
[Result "1-0"]
[Round "5"]
[TimeControl "180+2"]
[Date "2023.06.06"]
[WhiteClock "0:00:10"]
[BlackClock "0:00:01"]
[Board "103"]

1. d4 d5 2. c4 c6 3. Nf3 Nf6 4. e3 Bg4 5. h3 Bh5 6. g4 Bg6 7. Ne5 e6 8. Qb3 Qb6 9. Nd2 Nbd7 10. Nxg6 hxg6 11. Bg2 Be7 12. O-O g5 13. Qxb6 Nxb6 14. c5 Nbd7 15. e4 e5 16. exd5 Nxd5 17. dxe5 Nxc5 18. Nc4 Nd3 19. Bd2 N3f4 20. Rfe1 Nxh3+ 21. Kf1 Nhf4 22. Nd6+ Bxd6 23. exd6+ Kd7 24. Bxf4 gxf4 25. Rad1 Kxd6 26. Re4 g5 27. Red4 f6 28. Bxd5 cxd5 29. Rxd5+ Ke6 30. Rd6+ Kf7 31. Rd7+ Kg6 32. Kg2 Rae8 33. R1d2 Re4 34. Rxb7 f3+ 35. Kxf3 Rf4+ 36. Kg3 Rh4 37. f3 1-0


[Site "https://www.chess.com"]

[Event "Titled Tuesday Blitz June 6 Early 2023"]
[White "Krutko, Anatoly"]
[Black "FunnyDuck66"]
[WhiteFideId "4185862"]
[WhiteElo "2378"]
[BlackElo "2423"]
[Result "0-1"]
[Round "5"]
[TimeControl "180+2"]
[Date "2023.06.06"]
[WhiteClock "0:00:56"]
[BlackClock "0:01:20"]
[Board "104"]

1. e4 c6 2. Nc3 d5 3. Qe2 dxe4 4. Nxe4 Be6 5. d3 Nf6 6. Ng5 Bf5 7. Bd2 e6 8. O-O-O Nbd7 9. N1f3 h6 10. Ne4 Be7 11. h3 Qc7 12. g4 Bg6 13. Rg1 O-O-O 14. h4 Bxe4 15. dxe4 Nc5 16. e5 Nd5 17. g5 hxg5 18. Nxg5 Bxg5 19. hxg5 g6 20. Bg2 Na4 21. Qc4 Ndb6 22. Qe4 Rd5 23. f4 Rhd8 24. Bf3 Rd4 25. Qe2 Nxb2 26. Kxb2 Nc4+ 27. Kc1 Qe7 28. Kb1 Nxd2+ 29. Ka1 Qa3 0-1


[Site "https://www.chess.com"]

[Event "Titled Tuesday Blitz June 6 Early 2023"]
[White "Iskusnyh, Sergei"]
[Black "Moore, Nicholas"]
[WhiteFideId "4120027"]
[BlackFideId "4303709"]
[WhiteElo "2492"]
[BlackElo "2408"]
[Result "1-0"]
[Round "5"]
[TimeControl "180+2"]
[Date "2023.06.06"]
[WhiteClock "0:00:12"]
[BlackClock "0:00:06"]
[Board "105"]

1. d4 d5 2. c4 c6 3. Nf3 Nf6 4. e3 e6 5. b3 b6 6. Bd3 Bb7 7. O-O Nbd7 8. Bb2 Bd6 9. Nc3 Qe7 10. Qc2 O-O 11. Rfe1 Rfe8 12. e4 dxe4 13. Nxe4 Nxe4 14. Rxe4 c5 15. d5 Nf8 16. Rae1 Qc7 17. Qc3 f6 18. Rg4 e5 19. Nh4 Bc8 20. Bf5 Kh8 21. Qh3 Bd7 22. Re3 Qc8 23. Bxd7 Qxd7 24. Reg3 Re7 25. Bc1 e4 26. Bf4 Bxf4 27. Rxf4 Qxh3 28. Rxh3 g5 29. Rxf6 gxh4 30. Rxh4 Kg7 31. Rc6 Rd8 32. Kf1 Rdd7 33. Ke2 Ng6 34. Rg4 Kf7 35. Ke3 Rd8 36. Rg5 Rdd7 37. g3 Kg7 38. h4 Re5 39. Rxe5 Nxe5 40. Re6 Nd3 41. f4 Nc1 42. Kxe4 Nxa2 43. f5 Nc3+ 44. Ke5 Ne2 45. g4 Nd4 46. g5 Nxe6 47. fxe6 Rd8 48. e7 Ra8 49. Ke6 b5 50. d6 bxc4 51. bxc4 a5 52. d7 1-0


[Site "https://www.chess.com"]

[Event "Titled Tuesday Blitz June 6 Early 2023"]
[White "Diaz Rosas, Julio Cesar"]
[Black "Mohammed, Zozek Salah Mohammed"]
[WhiteFideId "5105099"]
[BlackFideId "4803361"]
[WhiteElo "2284"]
[BlackElo "2211"]
[Result "1-0"]
[Round "5"]
[TimeControl "180+2"]
[Date "2023.06.06"]
[WhiteClock "0:00:09"]
[BlackClock "0:00:20"]
[Board "106"]

1. e4 d5 2. exd5 Qxd5 3. Nc3 Qd8 4. d4 Nf6 5. Bc4 a6 6. Bb3 b5 7. Nf3 c5 8. dxc5 Qxd1+ 9. Nxd1 Bb7 10. a4 b4 11. Ne5 e6 12. O-O Bxc5 13. Nd3 Be7 14. a5 Nc6 15. Be3 O-O 16. Bb6 Nd7 17. Be3 Bd8 18. Nc5 Nxc5 19. Bxc5 Be7 20. Bxe7 Nxe7 21. Ne3 Rfd8 22. Rfd1 Rac8 23. Nc4 Kf8 24. Nb6 Rxd1+ 25. Rxd1 Re8 26. Rd7 Bc6 27. Rc7 Rd8 28. f3 Bd5 29. Ba4 Ng6 30. Kf2 Ne5 31. h3 g5 32. Ke3 h5 33. Nd7+ Nxd7 34. Bxd7 b3 35. c3 Rb8 36. Rc8+ Rxc8 37. Bxc8 Bc4 38. g3 Ke7 39. h4 gxh4 40. gxh4 Kd6 41. Kd4 Bb5 42. f4 f6 43. Bb7 e5+ 44. fxe5+ fxe5+ 45. Ke3 Ke6 46. Be4 Kf6 47. Bd5 Kf5 48. Bxb3 Kg4 49. c4 Bc6 50. c5 Kxh4 51. Bc4 Bb7 52. b4 Kg3 53. b5 axb5 54. Bxb5 h4 55. a6 Ba8 56. c6 h3 57. c7 h2 58. c8=Q h1=Q 59. Qg8+ Kh2 60. Qh7+ Kg1 61. Qg6+ Qg2 62. Qxg2+ Kxg2 63. Bd3 Kg3 64. Be4 1-0


[Site "https://www.chess.com"]

[Event "Titled Tuesday Blitz June 6 Early 2023"]
[White "Gheorghiu, Calin"]
[Black "Manon-og, Ramon Jr."]
[WhiteFideId "1200305"]
[BlackFideId "5200776"]
[WhiteElo "2204"]
[BlackElo "2373"]
[Result "0-1"]
[Round "5"]
[TimeControl "180+2"]
[Date "2023.06.06"]
[WhiteClock "0:00:26"]
[BlackClock "0:00:21"]
[Board "107"]

1. d4 Nf6 2. c4 g6 3. Nc3 d5 4. cxd5 Nxd5 5. e4 Nxc3 6. bxc3 c5 7. Nf3 Bg7 8. Be3 O-O 9. h3 Nc6 10. Be2 cxd4 11. cxd4 Qa5+ 12. Kf1 Rd8 13. d5 Bxa1 14. Qxa1 Nb4 15. Bh6 f6 16. Bc4 Qc5 17. Bb3 Nd3 18. Ke2 Qxf2+ 19. Kxd3 b6 20. Rf1 Ba6+ 21. Bc4 Bxc4+ 22. Kxc4 Rac8+ 23. Kb3 Qc2+ 24. Ka3 Rc3+ 25. Kb4 Rc4+ 26. Ka3 Ra4# 0-1


[Site "https://www.chess.com"]

[Event "Titled Tuesday Blitz June 6 Early 2023"]
[White "Zenin, Dmitry"]
[Black "Pajeken, Jakob Leon"]
[WhiteFideId "4127897"]
[BlackFideId "12942839"]
[WhiteElo "2215"]
[BlackElo "2424"]
[Result "1-0"]
[Round "5"]
[TimeControl "180+2"]
[Date "2023.06.06"]
[WhiteClock "0:00:22"]
[BlackClock "0:00:02"]
[Board "108"]

1. d4 d5 2. c4 dxc4 3. e3 Nf6 4. Bxc4 e6 5. Nf3 c5 6. O-O Nc6 7. a3 a6 8. Nc3 b5 9. Bd3 Bb7 10. dxc5 Bxc5 11. b4 Bd6 12. Bb2 O-O 13. Qe2 Qc7 14. Rac1 Rfd8 15. h3 Rac8 16. Rfd1 Qb8 17. Ng5 Ne5 18. Bb1 Nc4 19. Nce4 Nxe4 20. Bxe4 Bxe4 21. Nxe4 Bh2+ 22. Kf1 Be5 23. Bxe5 Qxe5 24. Ng3 g6 25. Kg1 h5 26. Nf1 Rxd1 27. Rxd1 Nxa3 28. Qf3 Qc7 29. Ng3 Nc4 30. Ne4 Qe5 31. Rd7 Nd6 32. Nc5 a5 33. Nd3 Qa1+ 34. Kh2 Nf5 35. g4 hxg4 36. hxg4 Nh6 37. Qf4 Qh8 38. Kg2 a4 39. Ne5 Qg7 40. e4 g5 41. Qg3 a3 42. Ra7 Qh7 43. Qf3 Rd8 44. Nd7 Qg7 45. e5 Rxd7 46. Rxd7 Qxe5 47. Ra7 Qd4 48. Rxa3 Qxb4 49. Ra8+ Kg7 50. Ra7 Qxg4+ 51. Qxg4 Nxg4 52. Rb7 e5 53. Rxb5 f6 54. Kf3 Nh6 55. Ke4 Kg6 56. Rb8 Nf5 57. Rg8+ Kf7 58. Ra8 Kg6 59. Ra7 Nh4 60. Ra8 Kh5 61. f3 Kg6 62. Rg8+ Kf7 63. Rh8 Ng2 64. Rh7+ Kg6 65. Rc7 Nf4 66. Re7 Nh5 67. Rd7 Ng7 68. Re7 Nf5 69. Rd7 Ng3+ 70. Ke3 f5 71. Rd6+ Kf7 72. Rc6 f4+ 73. Kd3 g4 74. fxg4 e4+ 75. Kd4 e3 76. Rc3 e2 77. Rc1 f3 78. Ke3 1-0


[Site "https://www.chess.com"]

[Event "Titled Tuesday Blitz June 6 Early 2023"]
[White "Da Silva, Lindolfo Luiz"]
[Black "Machidon, Cristi"]
[WhiteFideId "2106558"]
[BlackFideId "13904590"]
[WhiteElo "2366"]
[BlackElo "2355"]
[Result "1-0"]
[Round "5"]
[TimeControl "180+2"]
[Date "2023.06.06"]
[WhiteClock "0:00:54"]
[BlackClock "0:00:03"]
[Board "109"]

1. d4 c5 2. Nf3 cxd4 3. Nxd4 Nf6 4. g3 d5 5. Bg2 e5 6. Nf3 Nc6 7. O-O Be6 8. c4 dxc4 9. Qa4 Nd7 10. Ng5 Nc5 11. Qb5 Bd7 12. Qxc4 Qf6 13. Nc3 Be6 14. Nd5 Bxd5 15. Bxd5 O-O-O 16. Nxf7 Rxd5 17. Qxd5 Nb4 18. Qc4 Rg8 19. Bg5 Qe6 20. Nxe5 Qxc4 21. Nxc4 h6 22. Bf4 Nd5 23. Bd6 Bxd6 24. Nxd6+ Kd7 25. Nf5 Kc6 26. Rac1 a5 27. Rfd1 Nb4 28. a3 Na6 29. Ne7+ Kb5 30. Nxg8 1-0


[Site "https://www.chess.com"]

[Event "Titled Tuesday Blitz June 6 Early 2023"]
[White "Andrews, Todd"]
[Black "Garcia Blanco, Omar"]
[WhiteFideId "2012456"]
[BlackFideId "2287153"]
[WhiteElo "2145"]
[BlackElo "2356"]
[Result "0-1"]
[Round "5"]
[TimeControl "180+2"]
[Date "2023.06.06"]
[WhiteClock "0:00:12"]
[BlackClock "0:00:05"]
[Board "110"]

1. e4 c6 2. c4 e5 3. Nf3 d6 4. Nc3 Nf6 5. d4 Bg4 6. Be3 Nbd7 7. Be2 Be7 8. d5 O-O 9. Nd2 Bxe2 10. Qxe2 g6 11. g4 a6 12. h4 h5 13. gxh5 Nxh5 14. O-O-O c5 15. Rdg1 Ndf6 16. Bh6 Re8 17. Kb1 b5 18. Nf1 bxc4 19. Ng3 Kh7 20. Nxh5 Nxh5 21. Bc1 Rb8 22. Qf3 Rf8 23. Qe3 Rh8 24. Ne2 Bf8 25. Qf3 Qf6 26. Qg2 Bh6 27. Bg5 Qg7 28. Qf3 Rb7 29. Ng3 Nxg3 30. Rxg3 Bxg5 31. hxg5+ Kg8 32. Rxh8+ Kxh8 33. Rh3+ Kg8 34. Qg4 Rb8 35. Qd7 Qf8 36. Qc7 Qc8 37. Qe7 Qxh3 38. Qxd6 Qd3+ 39. Kc1 Qf1+ 40. Kc2 Qxf2+ 41. Kd1 Qf1+ 42. Kd2 Rxb2+ 43. Ke3 Qd3# 0-1


[Site "https://www.chess.com"]

[Event "Titled Tuesday Blitz June 6 Early 2023"]
[White "Bruedigam, Martin"]
[Black "Gabdushev, Ruslan"]
[WhiteFideId "24608033"]
[BlackFideId "4137833"]
[WhiteElo "2331"]
[BlackElo "2233"]
[Result "0-1"]
[Round "5"]
[TimeControl "180+2"]
[Date "2023.06.06"]
[WhiteClock "0:00:10"]
[BlackClock "0:00:32"]
[Board "111"]

1. d4 Nc6 2. c4 e5 3. e3 Nf6 4. Nf3 Bb4+ 5. Bd2 exd4 6. Bxb4 Nxb4 7. Nxd4 O-O 8. Nc3 d6 9. Be2 Bd7 10. O-O Re8 11. Rc1 Nc6 12. Bf3 Rb8 13. Nxc6 Bxc6 14. Bxc6 bxc6 15. b3 Qe7 16. Qf3 Ne4 17. Rfd1 a5 18. Na4 Qf6 19. Qxf6 Nxf6 20. Rd4 Re5 21. h3 h5 22. Kf1 Rbe8 23. Nc3 Nd7 24. Na4 f5 25. h4 Kf7 26. Rb1 Rb8 27. Ke2 c5 28. Rd2 f4 29. Rd3 Nf6 30. Nc3 Rbe8 31. Rf1 g5 32. hxg5 Rxg5 33. Rg1 h4 34. Kf3 fxe3 35. Rxe3 Rxe3+ 36. Kxe3 h3 37. g3 Ng4+ 38. Kf4 Kg6 39. Rh1 Nxf2 40. Rh2 Nd3+ 41. Kf3 Ne5+ 42. Kf4 Rg4+ 43. Ke3 Rxg3+ 44. Kf2 Rxc3 0-1


[Site "https://www.chess.com"]

[Event "Titled Tuesday Blitz June 6 Early 2023"]
[White "Hajiyev, Kanan"]
[Black "Rian, Kapriaga"]
[WhiteFideId "13404148"]
[BlackFideId "7103263"]
[WhiteElo "2115"]
[BlackElo "2332"]
[Result "1-0"]
[Round "5"]
[TimeControl "180+2"]
[Date "2023.06.06"]
[WhiteClock "0:00:03"]
[BlackClock "0:00:03"]
[Board "112"]

1. d4 e6 2. c4 f5 3. g3 Nf6 4. Bg2 d5 5. Qc2 Bd6 6. Nc3 c6 7. Nh3 O-O 8. Bf4 Be7 9. O-O b6 10. Rac1 Bb7 11. cxd5 cxd5 12. Nb5 Na6 13. a3 Qd7 14. Qa4 Bc6 15. Rxc6 Qxc6 16. Qxa6 Rfc8 17. Rc1 Qd7 18. Rc3 h6 19. Bc7 Ne8 20. Be5 Rxc3 21. Nxc3 Qc8 22. Qd3 a6 23. Nf4 Kh7 24. g4 g6 25. gxf5 gxf5 26. Bh3 Ng7 27. Qg3 Bg5 28. Bg2 Ra7 29. h4 Bxf4 30. Qxf4 Qe8 31. Bf3 Qg6+ 32. Kh2 Nh5 33. Qe3 Nf6 34. Bxf6 Qxf6 35. Qf4 Rg7 36. e3 Qg6 37. Qg3 Qf6 38. Qf4 Qg6 39. Ne2 Qf6 40. h5 Qe7 41. Ng3 Qf6 42. Qd6 Qh4+ 43. Kg2 Qf6 44. Bxd5 f4 45. Be4+ Kh8 46. Qb8+ Rg8 47. Qxf4 Qe7 48. Qxh6+ Qh7 49. Qxh7# 1-0


[Site "https://www.chess.com"]

[Event "Titled Tuesday Blitz June 6 Early 2023"]
[White "Bogaudinov, Rushan"]
[Black "Liu, Casper"]
[WhiteFideId "4129288"]
[BlackFideId "1454153"]
[WhiteElo "1967"]
[BlackElo "2221"]
[Result "0-1"]
[Round "5"]
[TimeControl "180+2"]
[Date "2023.06.06"]
[WhiteClock "0:00:24"]
[BlackClock "0:00:26"]
[Board "113"]

1. d4 Nf6 2. Nf3 a6 3. c4 b5 4. c5 d6 5. b4 a5 6. e3 axb4 7. cxd6 exd6 8. Bxb5+ c6 9. Bd3 Bg4 10. Nbd2 d5 11. h3 Bh5 12. g4 Bg6 13. Nb3 Nbd7 14. Ne5 Nxe5 15. dxe5 Nd7 16. Bb2 Qg5 17. Bxg6 hxg6 18. Qd4 Be7 19. e6 fxe6 20. Qxg7 Rf8 21. Nd4 Bf6 22. Qh7 Rh8 23. Qxh8+ Bxh8 24. Nxe6 Qe7 25. Nc7+ Kd8 26. Nxd5 Qe4 27. Bxh8 Qxh1+ 28. Ke2 Qxd5 29. h4 Ra3 30. h5 Rxa2+ 31. Rxa2 Qxa2+ 32. Kf3 gxh5 33. gxh5 Qf7+ 34. Kg4 Qg8+ 0-1


[Site "https://www.chess.com"]